 Dungeon Crawl Stone Soup version 0.26.0-90-g5fd8617961 (webtiles) character file.

Game seed: 11134436040673499080

68 BreadTh the Insei (level 3, -2/24 (29) HPs)
             Began as a Demigod Transmuter on Feb 2, 2021.
             Slain by a wight
             ... wielding a cursed +0 great sword
              (7 damage)
             ... on level 5 of the Dungeon.
             The game lasted 00:07:59 (3397 turns).

BreadTh the Insei (Demigod Transmuter)              Turns: 3397, Time: 00:08:00

HP:   -2/24 (29)    AC:  4    Str: 13    XL:     3   Next: 73%
MP:   8/8           EV: 13    Int: 17    God:
Gold: 156           SH:  0    Dex: 18    Spells: 0/6 levels left

rFire    . . .     SeeInvis .     - Unarmed
rCold    . . .     Faith    .   (no shield)
rNeg     . . .     Spirit   .   a - +0 robe
rPois    .         Reflect  .   (no helmet)
rElec    .         Harm     .   (no cloak)
rCorr    .         Rampage  .   (no gloves)
Will     .....                  r - +1 pair of boots
Stlth    ++........             (no amulet)
HPRegen  0.08/turn              (no ring)
MPRegen  0.11/turn              (no ring)

@: heavily drained
A: high mp 1
a: no special abilities


You were on level 5 of the Dungeon.
You visited 1 branch of the dungeon, and saw 5 of its levels.

You collected 156 gold pieces.

Inventory:

Missiles
 d - 43 stones
 l - 19 poisoned darts
Armour
 a - a +0 robe (worn)
 r - a +1 pair of boots (worn)
Jewellery
 o - a +4 ring of evasion {unknown}
Scrolls
 c - 4 scrolls of teleportation {unknown}
 f - 2 scrolls of noise {unknown}
 i - a scroll of blinking {unknown}
 j - a scroll of magic mapping {unknown}
 m - a scroll of enchant weapon {unknown}
 n - a scroll of remove curse {unknown}
 p - a scroll of immolation {unknown}
Potions
 b - a potion of attraction {unknown}
 e - a potion of degeneration {unknown}
 g - a potion of heal wounds {unknown}
 h - 4 potions of curing {unknown}
 k - a potion of brilliance {unknown}
 q - a potion of cancellation {unknown}


   Skills:
 + Level 1.6 Fighting
 + Level 1.1 Throwing
 - Level 2.0 Dodging
 * Level 3.5 Unarmed Combat
 - Level 2.0 Spellcasting
 - Level 2.0 Transmutations


You couldn't memorise any spells.
You knew the following spells:

 Your Spells              Type           Power        Failure   Level
a - Beastly Appendage     Tmut           16%          9%          1
b - Wereblood             Tmut           8%           13%         2
c - Spider Form           Tmut/Pois      2%           36%         3

Your spell library contained the following spells:

 Spells                   Type           Power        Failure   Level
 Ice Form                 Ice/Tmut       5%           77%         4
 Blade Hands              Tmut           4%           93%         5


Dungeon Overview and Level Annotations

Branches:
Dungeon (5/15)
 Temple: D:4-7

Annotations:
D:2 !sigmund, Sigmund
D:4 Blork the orc, Dowan, Duvessa


Innate Abilities, Weirdness & Mutations

You have an increased reservoir of magic. (+10% MP)


Message History

A wight comes into view. It is wielding a +0 mace.
The wight hits you with a cursed +0 great sword.
* * * LOW HITPOINT WARNING * * *
You feel drained.
Found a stone staircase leading down.
Found 2 boomerangs and 15 stones.
Found a runed ring mail and 12 arrows.
There is a stone staircase leading down here.
The wight barely misses you.
You climb downwards.
Found 26 sling bullets and a runed ring mail.
Found a stone staircase leading up.
There is a stone staircase leading up here.
A giant cockroach comes into view.
Found a stone staircase leading down.
The giant cockroach bites you but does no damage. x2
There is a stone staircase leading up here.
The giant cockroach bites you but does no damage.
The wight hits you with a cursed +0 great sword!
You die...

#####
##########...###
#.....B.#...<..#
#@z......#
#.#......#
#.#[(........
#.#.####.###>
#.#.. .# ..###
## ###


You could see a wight and a giant cockroach.

Vanquished Creatures
  3 oozes
  A dart slug (D:2)
  A leopard gecko (D:3)
  5 orcs (D:3)
  7 bats
  3 giant cockroaches
  3 goblins
  6 hobgoblins
  5 jackals (D:3)
  A quokka (D:3)
  2 frilled lizards
  A kobold (D:3)
  7 rats
45 creatures vanquished.

Notes
Turn   | Place    | Note
-------+----------+-------------------------------------------
     0 | D:1      | BreadTh the Demigod Transmuter began the quest for the Orb.
     0 | D:1      | Reached XP level 1. HP: 15/15 MP: 5/5
   146 | D:1      | Reached skill level 1 in Fighting
  1040 | D:2      | Reached XP level 2. HP: 22/23 MP: 7/7
  1052 | D:2      | Noticed Sigmund
  1382 | D:2      | Reached skill level 3 in Unarmed Combat
  1883 | D:3      | Reached XP level 3. HP: 14/28 MP: 8/8
  2047 | D:3      | Learned a level 2 spell: Wereblood
  2051 | D:3      | Learned a level 3 spell: Spider Form
  2843 | D:3      | Reached skill level 1 in Throwing
  3307 | D:4      | Noticed Blork the orc
  3380 | D:4      | Noticed Dowan
  3381 | D:4      | Noticed Duvessa
  3391 | D:5      | Entered Level 5 of the Dungeon
  3397 | D:5      | Slain by a wight

Illustrated notes

Levels and vault maps discovered:
D:1:      dpeg_arrival_water_temple_mockup, layout_basic, serial_forest,
          infiniplex_forest_clump_diagonal, infiniplex_forest_straight_3,
          infiniplex_forest_lined_room_, infiniplex_forest_straight_3,
          infiniplex_forest_clump_small, infiniplex_forest_clump_cross,
          infiniplex_forest_clump_curved, infiniplex_forest_clump_double,
          infiniplex_forest_lined_room_, minmay_box_of_dots
D:2:      layout_basic, uniq_sigmund
D:3:      layout_basic
D:4:      layout_basic, uniq_duvessa, uniq_edmund, uniq_blork_the_orc
D:5:      layout_loops_cross

Skill      XL: |  1  2  3 |
---------------+----------+-----
Fighting       | 1 |  1.6
Transmutations | 2 |  2.0
Unarmed Combat | 3 |  3.5
Dodging        | 2 |  2.0
Spellcasting   | 2 |  2.0
Throwing       | 1 |  1.1

Action                   || total
-------------------------++-------
Melee: Unarmed           ||   187
       Punch             ||     3
       Kick              ||     2
       Headbutt          ||     1
 Cast: Beastly Appendage ||     2
       Wereblood         ||     3
       Spider Form       ||     1
 Stab: Sleeping          ||     4
Armor: Robe              ||    25
Dodge: Dodged            ||   109
